 Dungeon Sprint DCSS version 0.26.1-11-gd32895ea62 (webtiles) character file.

Game seed: 13223492892373790325

3887 Eitelfritz the Basher (level 10, -4/85 HPs)
             Began as a Demonspawn Gladiator on Apr 18, 2021.
             Was an Elder of Okawaru.
             Killed from afar by a rime drake (9 damage)
             ... with a flash freeze
             ... in the Dungeon (Sprint IX: "|||||||||||||||||||||||||||||").
             The game lasted 00:04:43 (1253 turns).

Eitelfritz the Basher (Demonspawn Gladiator)        Turns: 1253, Time: 00:04:45

Health: -4/85      AC: 18    Str: 20    XL:     10   Next: 0%
Magic:  10/10      EV:  8    Int: 11    God:    Okawaru [****..]
Gold:   17         SH:  0    Dex: 14    Spells: 9/9 levels left

rFire    . . .     SeeInvis .   o - +2 morningstar (freeze)
rCold    . . .     Faith    .   (no shield)
rNeg     . . .     Spirit   .   r - +1 chain mail
rPois    .         Reflect  .   c - +0 helmet
rElec    .         Harm     .   (no cloak)
rCorr    .         Rampage  .   p - +0 pair of gloves
Will     .....     NoTele   +   q - +0 pair of boots
Stlth    ..........             (no amulet)
HPRegen  0.24/turn              s - +2 ring of evasion
MPRegen  0.12/turn              t - +3 ring of strength

@: petrifying (expiring), very slow
A: hooves 2, molten scales 1
a: Renounce Religion, Heroism


You were in the Dungeon.
You worshipped Okawaru.
Okawaru was greatly pleased with you.
You visited 1 branch You collected 17 gold pieces.

Inventory:

Hand Weapons
 a - a +0 long sword
 o - a +2 morningstar of freezing (weapon)
Missiles
 d - 3 throwing nets (quivered)
 i - 3 silver javelins
 u - 3 datura-tipped darts
Armour
 b - a +0 leather armour
 c - a +0 helmet (worn)
 p - a +0 pair of gloves (worn)
 q - a +0 pair of boots (worn)
 r - a +1 chain mail (worn)
Jewellery
 s - a +2 ring of evasion (left hand)
 t - a +3 ring of strength (right hand)
Wands
 n - a wand of acid (10)
Scrolls
 j - 2 scrolls of blinking
 l - 4 scrolls of remove curse
 m - 2 scrolls of amnesia
 w - a scroll of fog
 x - 2 scrolls of fear
 y - a scroll of identify
Potions
 e - 6 potions of curing
 f - 3 potions of heal wounds
 g - a potion of haste
 h - 4 potions of magic
 k - a potion of invisibility
 v - a potion of brilliance


   Skills:
 + Level 10.1 Fighting
 + Level 9.3 Long Blades
 + Level 12.7 Maces & Flails
 + Level 2.7 Throwing
 + Level 9.3 Armour
 + Level 6.9 Dodging
 + Level 2.2 Stealth


You had 9 spell levels left.
You didn't know any spells.
Your spell library was empty.

Dungeon Overview and Level Annotations

Branches:
Dungeon (1/1)

Altars:
Cheibriados
Dithmenos
Elyvilon
Fedhas
Gozag
Hepliaklqana
Kikubaaqudgha
Makhleb
Nemelex Xobeh
Okawaru
Qazlal
Ru
Sif Muna
Trog
Uskayaw
Vehumet
Wu Jian
Xom
Yredelemnul
Zin
The Shining One
Beogh
Jiyva
Lugonu


Innate Abilities, Weirdness & Mutations

You have hoof-like feet.
You are partially covered in molten scales. (AC +2)


Message History

Unknown command.
Unknown command.
Unknown command.
Unknown command.
You barely miss the catoblepas.
The catoblepas is almost dead.
You are engulfed in calcifying dust.
You are slowing down.
The catoblepas gores you but does no damage.
Unknown command.
Unknown command.
Unknown command.
Unknown command.
You puncture the catoblepas! You freeze the catoblepas.
You kill the catoblepas!
Okawaru is honoured by your kill.
You are engulfed in calcifying dust.
Your limbs have turned to stone.
The rime drake breathes ice at you. The flash freeze hits you!
You die...

▓▓▓▓▓▓▓▓▓▓▓▓▓▓▓▓▓▓▓▓▓▓▓▓▓▓▓▓▓▓▓▓▓
....÷.....'______________________
▓▓▓▓▓▓▓▓▓▓▓▓▓▓▓▓▓▓▓▓▓▓▓▓▓▓▓▓▓▓▓▓▓
.................................
▓▓▓▓▓▓▓▓▓▓▓▓▓▓▓▓▓▓▓▓▓▓▓▓▓▓▓▓▓▓▓▓▓
.'.....[).....§§@kF.hSYS.S.YS.Y.
▓▓▓▓▓▓▓▓▓▓▓▓▓▓▓▓▓▓▓▓▓▓▓▓▓▓▓▓▓▓▓▓


You could see an elephant, a rime drake (catching breath), 2 water moccasins, a
wolf and a bullfrog.

Vanquished Creatures
  A hydra (D)
  A catoblepas (D)
  A centaur warrior (D)
  A two-headed ogre (D)
  2 cane toads (D)
  A rime drake (D)
  A troll (D)
  A wyvern (D)
  A water moccasin (D)
  A black bear (D)
  A centaur (D)
  A wolf (D)
  An eye of draining (D)
  2 bullfrogs (D)
  A killer bee (D)
  A wight (D)
  A hound (D)
  A worker ant (D)
  A shadow imp (D)
  A white imp (D)
  2 ufetubi (D)
  An adder zombie (D)
  A dart slug (D)
  A leopard gecko (D)
  A bat zombie (D)
  A goblin (D)
  A hobgoblin (D)
  A bat (D)
  A frilled lizard (D)
32 creatures vanquished.

Notes
Turn   | Place    | Note
-------+----------+-------------------------------------------
     0 | D        | Eitelfritz the Demonspawn Gladiator began the quest for the
                  | Orb.
     0 | D        | Reached XP level 1. HP: 16/16 MP: 1/1
    83 | D        | Gained mutation: You are partially covered in molten
                  | scales. (AC +2) [demonic ancestry]
    83 | D        | Reached XP level 2. HP: 19/22 MP: 2/2
    98 | D        | Reached XP level 3. HP: 7/28 MP: 3/3
   340 | D        | Found a roughly hewn altar of Beogh.
   340 | D        | Found a snail-covered altar of Cheibriados.
   340 | D        | Found a shadowy altar of Dithmenos.
   340 | D        | Found a white marble altar of Elyvilon.
   340 | D        | Found a blossoming altar of Fedhas.
   340 | D        | Found an opulent altar of Gozag.
   341 | D        | Found a hazy altar of Hepliaklqana.
   342 | D        | Found a viscous altar of Jiyva.
   343 | D        | Found an ancient bone altar of Kikubaaqudgha.
   344 | D        | Found a corrupted altar of Lugonu.
   345 | D        | Found a burning altar of Makhleb.
   346 | D        | Found a sparkling altar of Nemelex Xobeh.
   347 | D        | Found an iron altar of Okawaru.
   348 | D        | Found a stormy altar of Qazlal.
   349 | D        | Found a sacrificial altar of Ru.
   350 | D        | Found a shimmering blue altar of Sif Muna.
   351 | D        | Found a bloodstained altar of Trog.
   352 | D        | Found a hide-covered altar of Uskayaw.
   353 | D        | Found a radiant altar of Vehumet.
   354 | D        | Found an ornate altar of the Wu Jian Council.
   355 | D        | Became a worshipper of Warmaster Okawaru
   356 | D        | Found a shimmering altar of Xom.
   357 | D        | Found a basalt altar of Yredelemnul.
   358 | D        | Found a glowing silver altar of Zin.
   359 | D        | Found a glowing golden altar of the Shining One.
   412 | D        | Noticed a black bear
   412 | D        | Noticed a centaur
   417 | D        | Reached skill level 5 in Long Blades
   435 | D        | Reached skill level 1 in Maces & Flails
   435 | D        | Reached skill level 1 in Armour
   435 | D        | Reached XP level 4. HP: 29/35 MP: 4/4
   437 | D        | Killed a black bear
   438 | D        | Reached skill level 2 in Maces & Flails
   438 | D        | Reached skill level 5 in Dodging
   438 | D        | Reached XP level 5. HP: 31/42 MP: 5/5
   443 | D        | Reached skill level 3 in Maces & Flails
   445 | D        | Killed a centaur
   445 | D        | Reached * piety under Okawaru
   446 | D        | Reached skill level 4 in Maces & Flails
   446 | D        | Reached XP level 6. HP: 38/50 MP: 6/6
   527 | D        | Noticed a centaur warrior
   527 | D        | Noticed a two-headed ogre
   527 | D        | Noticed a troll
   532 | D        | Reached skill level 5 in Fighting
   532 | D        | Reached skill level 1 in Stealth
   548 | D        | Killed a centaur warrior
   548 | D        | Reached ** piety under Okawaru
   549 | D        | Reached skill level 8 in Maces & Flails
   549 | D        | Reached skill level 5 in Armour
   549 | D        | Reached XP level 7. HP: 31/60 MP: 2/7
   555 | D        | Killed a two-headed ogre
   555 | D        | Reached *** piety under Okawaru
   555 | D        | Received a gift from Okawaru
   556 | D        | Reached skill level 10 in Maces & Flails
   556 | D        | Reached XP level 8. HP: 20/69 MP: 2/8
   564 | D        | Killed a troll
  1002 | D        | Noticed an eight-headed hydra
  1002 | D        | Noticed a rime drake
  1002 | D        | Noticed a cane toad
  1002 | D        | Noticed a cane toad
  1006 | D        | Gained mutation: You have large cloven feet. [demonic
                  | ancestry]
  1006 | D        | Reached XP level 9. HP: 69/75 MP: 9/9
  1009 | D        | Killed an eight-headed hydra
  1010 | D        | Reached skill level 11 in Maces & Flails
  1017 | D        | Reached **** piety under Okawaru
  1020 | D        | Killed a rime drake
  1021 | D        | Reached skill level 12 in Maces & Flails
  1023 | D        | Killed a cane toad
  1023 | D        | Received a gift from Okawaru
  1028 | D        | Killed a cane toad
  1029 | D        | Reached skill level 10 in Fighting
  1037 | D        | Gained mutation: You have hoof-like feet. [demonic
                  | ancestry]
  1037 | D        | Reached XP level 10. HP: 46/85 MP: 10/10
  1208 | D        | Noticed a catoblepas
  1208 | D        | Noticed an elephant
  1253 | D        | Killed a catoblepas
  1253 | D        | Killed from afar by a rime drake

Illustrated notes

Levels and vault maps discovered:
D:        linesprint [early_d, line_temple, items_1, d_10, items_2, lair_1,
          lair_end, items_3, orc_1, orc_end, items_4, d_15, swamp_1, shoals_1,
          snake_1, spider_1, d_20, vaults_1, items_5, swamp_end, shoals_end,
          snake_end, spider_end, vaults_end, d_27, items_6, zot_1, zot_end,
          crypt_end, forest_end, elf_end, slime_end, tomb_end, abyss_end,
          pan_hell_end]

Skill      XL: |  1  2  3  4  5  6  7  8  9 |
---------------+----------------------------+-----
Long Blades    | 3 4 5 6 7 9 |  9.3
Throwing       | 2 |  2.7
Dodging        | 3 4 5 6 |  6.9
Fighting       | 3 4 7 8 10 | 10.1
Maces & Flails | 1 2 4 8 10 12 | 12.7
Armour         | 1 2 3 5 6 7 9 |  9.3
Stealth        | 1 2 |  2.2

Action                   |  1- 3 |  4- 6 |  7- 9 | 10-12 || total
-------------------------+-------+-------+-------+-------++-------
Melee: Long sword        |    34 |       |       |       ||    34
       Morningstar       |    22 |    28 |    53 |    11 ||   114
  Use: Potion            |       |     2 |     3 |     1 ||     6
Armor: Leather armour    |     8 |       |       |       ||     8
       Chain mail        |    25 |    14 |    39 |    18 ||    96
Dodge: Dodged            |    59 |    19 |    43 |     2 ||   123
       Rpst.: Long sword |     9 |       |       |       ||     9
